 Dungeon Crawl Stone Soup version 0.14-a0-1613-gd720e3e (webtiles) character file.

553 ReteAZ the Firebug (level 6, -1/49 HPs)
             Began as a Naga Fire Elementalist on Dec 24, 2013.
             Slain by an ogre
             ... wielding a +0,+0 giant spiked club
              (30 damage)
             ... on Level 5 of the Dungeon.
             The game lasted 00:29:35 (4384 turns).

ReteAZ the Firebug (Naga Fire Elementalist)         Turns: 4384, Time: 00:29:35

HP  -1/49        AC  5     Str 10      XL: 6   Next: 90%
MP  11/12        EV 12     Int 22      God:
Gold 141         SH  0     Dex  7 (11) Spells:  3 memorised,  5 levels left

rFire  . . .     SeeInvis +     J - +1 orc whip
rCold  . . .     Clarity  .     a - +0 robe
rNeg   . . .     Conserve .     (no shield)
rPois  +         rCorr    .     R - +1 helmet
rElec  .         rRot     .     (no cloak)
SustAb . .       Spirit   .     (no gloves)
rMut   .         Warding  .     (no barding)
Saprov . . .     Stasis   .     (no amulet)
                                E - +4 ring of intelligence
                                l - +3 ring of evasion

@: short of breath, very slow, somewhat resistant to hostile enchantments,
fairly stealthy
A: spit poison, see invisible, deformed body, poison resistance, slowness 2, AC
+2
a: Spit Poison


You were on level 5 of the Dungeon.
You were hungry.

You visited 1 branch of the dungeon, and saw 5 of its levels.

You collected 141 gold pieces.

Inventory:

Hand weapons
 m - a +0,+0 short sword
 J - a +1,+1 orcish whip (weapon)
Armour
 a - a +0 robe (worn)
 R - a +1 helmet (worn)
Magical devices
 z - a wand of cold (1)
 D - a wand of magic darts (14)
 N - a wand of slowing (9) {unknown}
Comestibles
 c - 2 bread rations
 d - a meat ration
 q - an apricot
 w - a beef jerky
 F - a pear
 H - a sausage
 K - 2 chokos
 Q - 2 rotting chunks of hobgoblin flesh
Scrolls
 g - 7 scrolls of remove curse
 h - 2 scrolls of amnesia {unknown}
 k - a scroll of blinking {unknown}
 n - a scroll of identify
 r - a scroll of teleportation {unknown}
 v - 2 scrolls of recharging {unknown}
 y - 2 scrolls of curse weapon {unknown}
 B - a scroll of immolation {unknown}
 I - a scroll of fear {unknown}
 O - a scroll of enchant weapon I {unknown}
Jewellery
 j - an uncursed ring of sustenance
 l - a +3 ring of evasion (left hand)
 u - an uncursed ring of positive energy
 x - a +2 ring of dexterity
 C - an uncursed ring of poison resistance
 E - a +4 ring of intelligence (right hand)
Potions
 e - 3 potions of curing {unknown}
 f - 2 potions of brilliance {unknown}
 i - 2 potions of might {unknown}
 o - 3 potions of restore abilities {unknown}
 p - 3 potions of agility {unknown}
 s - 2 potions of lignification {unknown}
 t - a potion of invisibility {unknown}
 A - a potion of resistance {unknown}
 G - a potion of heal wounds {unknown}
 L - a potion of paralysis {unknown}
Books
 b - a book of Flames

   Spells                             Type                      Level
   *Flame Tongue                      Conjuration/Fire             1
   *Throw Flame                       Conjuration/Fire             2
   *Conjure Flame                     Conjuration/Fire             3
   Inner Flame                        Hexes/Fire                   3
   Sticky Flame                       Conjuration/Fire             4
   Fireball                           Conjuration/Fire             5
 M - a book of Maledictions

   Spells                             Type                      Level
   Corona                             Hexes                        1
   Sure Blade                         Hexes/Charms                 2
   Ensorcelled Hibernation            Hexes/Ice                    2
   Confuse                            Hexes                        3
   Enslavement                        Hexes                        4
   Invisibility                       Hexes                        6
 P - a book of the Warp

   Spells                             Type                      Level
   Recall                             Summoning/Translocation      3
   Control Teleport                   Charms/Translocation         4
   Phase Shift                        Translocation                5
   Warp Weapon                        Charms/Translocation         5
   Dispersal                          Translocation                6
   Controlled Blink                   Translocation                7
   Disjunction                        Translocation                8


   Skills:
 - Level 1.5 Dodging
 - Level 3.0 Stealth
 - Level 3.0 Spellcasting
 + Level 4.4 Conjurations
 + Level 5.3 Fire Magic


You had 5 spell levels left.
You knew the following spells:

 Your Spells              Type           Power        Failure   Level  Hunger
a - Flame Tongue          Conj/Fire      ####.        1%          1    None
b - Throw Flame           Conj/Fire      ####..       2%          2    ##.....
c - Conjure Flame         Conj/Fire      ####....     6%          3    ###....


Dungeon Overview and Level Annotations

Branches:
Dungeon (5/16)
 Temple: D:4-7

Altars:
Elyvilon
Kikubaaqudgha
Makhleb


Innate Abilities, Weirdness & Mutations

You cannot wear boots.
You can spit poison.
Your serpentine skin is tough (AC +2).
You have supernaturally acute eyesight.
Armour fits poorly on your strangely shaped body.
Your system is resistant to poisons.
You cover ground very slowly.


Message History

You see here 2 darts.
You see here 2 darts.
You see here an orcish club.
An ogre comes into view. It is wielding a giant spiked club.
The ogre shouts!
The ogre hits you with a giant spiked club!
Use which ability? (? or * to list)
Press: ? - help, Shift-Dir - straight line, f - ogre
Aim: an ogre, wielding a giant spiked club The splash of poison misses the ogre.
You feel slightly more hungry.
Casting: Flame Tongue
Confirm with . or Enter, or press ? or * to list all spells.
Aiming: Flame Tongue
Press: ? - help, Shift-Dir - straight line, f/p - ogre
Aim: an ogre, wielding a giant spiked club The flame hits the ogre.
The ogre is lightly wounded.
The ogre hits you with a giant spiked club!
Ouch! That really hurt!
You die...

....#########'#.#.######.##.###.#
....# #######.#.#........#......#
....###.........#..........######
....'...........)................
....###........###..........##.##
##### #........'................(
#......._###..........##.##
#######........###.#.#...#'###.#
................@O...#.#.#.###.##
..################.#.#.#.#.......
..# #........#.#.#####.## ..#
#.####.###........... ..# #.#
###.#####.## ..##.#..# #.# #.#
#... ).......# #.# #.# #..#
####.#.... #+# #.# #..# # #.#
#..#


You could see an ogre.

Vanquished Creatures
  An ogre (D:4)
  A quasit (D:4)
  A hound (D:3)
  A giant frog skeleton (D:4)
  An iguana (D:4)
  A worker ant (D:4)
  6 adders
  A giant mite (D:5)
  2 worms
  A giant eyeball (D:4)
  3 giant geckos
  An ooze (D:5)
  10 orcs
  2 ball pythons
  13 bats
  A bat skeleton (D:4)
  3 giant cockroaches
  9 hobgoblins
  4 jackals (D:2)
  5 kobolds
  3 giant newts
  13 goblins
  A goblin skeleton (D:4)
  A hobgoblin skeleton (D:4)
  3 quokkas
  7 rats
95 creatures vanquished.

Notes
Turn   | Place    | Note
--------------------------------------------------------------
     0 | D:1      | ReteAZ, the Naga Fire Elementalist, began the quest for the Orb.
     0 | D:1      | Reached XP level 1. HP: 15/15 MP: 3/3
   291 | D:1      | Reached XP level 2. HP: 22/22 MP: 4/4
   295 | D:1      | Learned a level 2 spell: Throw Flame
  1044 | D:2      | Reached XP level 3. HP: 25/28 MP: 0/6
  1291 | D:2      | Learned a level 3 spell: Conjure Flame
  1754 | D:2      | Reached XP level 4. HP: 36/36 MP: 0/8
  2555 | D:3      | Found a burning altar of Makhleb.
  2565 | D:3      | Reached skill level 4 in Fire Magic
  2565 | D:3      | Reached XP level 5. HP: 29/42 MP: 2/11
  2963 | D:4      | Noticed an ogre
  3192 | D:4      | Paralysed by a giant eyeball for 2 turns
  3540 | D:4      | Reached XP level 6. HP: 38/49 MP: 8/12
  3602 | D:4      | Found a white marble altar of Elyvilon.
  3660 | D:4      | Killed an ogre
  3660 | D:4      | Reached skill level 5 in Fire Magic
  4094 | D:5      | Entered Level 5 of the Dungeon
  4223 | D:5      | Found an ancient bone altar of Kikubaaqudgha.
  4384 | D:5      | Slain by an ogre

Action                   |  1- 3 |  4- 6 || total
-------------------------+-------+-------++-------
Melee: Short sword       |     2 |     9 ||    11
       Whip              |       |    15 ||    15
 Cast: Flame Tongue      |    35 |    85 ||   120
       Throw Flame       |     3 |    16 ||    19
       Conjure Flame     |     2 |     4 ||     6
 Abil: Spit Poison       |    28 |    44 ||    72
Evoke: Wand              |       |     3 ||     3
  Use: Scroll            |     1 |     2 ||     3
